 Dungeon Crawl Stone Soup version 0.30-b1-2-g02819fbbbe (webtiles) character file.

Game seed: 3870949301966760165

98 raph the Poker (level 4, -2/34 HPs)
             Began as a Merfolk Gladiator on Sept 11, 2023.
             Killed from afar by an orc wizard (7 damage)
             ... with a puff of flame
             ... on level 4 of the Dungeon.
             The game lasted 00:04:11 (2588 turns).

raph the Poker (Merfolk Gladiator)                  Turns: 2588, Time: 00:04:11

Health: -2/34      AC:  7    Str: 14    XL:     4   Next: 69%
Magic:  4/4        EV: 13    Int:  7    God:
Gold:   90         SH:  0    Dex: 17    Spells: 3/3 levels left

rFire   . . .        a - +1 trident
rCold   . . .        (no shield)
rNeg    . . .        b - +0 leather armour
rPois   .            c - +2 helmet
rElec   .            o - +0 cloak
rCorr   .            (no gloves)
SInv    .            (no boots)
Will    .....        (no amulet)
Stlth   +            (no ring)
HPRegen 0.25/turn    (no ring)
MPRegen 0.09/turn

%: no passive effects
@: hasted, very quick
A: (nimble swimmer 2), mertail
a: no special abilities


You were on level 4 of the Dungeon.
You visited 1 branch of the dungeon, and saw 4 of its levels.

You collected 90 gold pieces.

Inventory:

Hand Weapons
 a - a +1 trident (weapon)
Missiles
 d - 3 throwing nets
 e - a javelin
 i - 17 poisoned darts (quivered)
Armour
 b - a +0 leather armour (worn)
 c - a +2 helmet (worn)
 o - a +0 cloak (worn)
Scrolls
 k - a scroll of fog
 l - 3 scrolls of teleportation
 m - a scroll of poison
Potions
 f - 2 potions of curing {unknown}
 g - 2 potions of lignification
 j - a potion of attraction {unknown}
 n - a potion of might {unknown}


   Skills:
 + Level 2.4 Fighting
 * Level 6.8 Polearms
 - Level 2.0 Throwing
 + Level 4.1 Dodging


You had 3 spell levels left.
You didn't know any spells.
Your spell library contained the following spells:

 Spells                   Type           Power      Damage    Failure   Level
 Foxfire                  Conj/Fire      0%         2x1d4     52%         1
 Kiss of Death            Conj/Necr      0%         2d5       52%         1
 Sting                    Tmut/Pois      0%         1d3       52%         1
 Summon Small Mammal      Summ           0%         N/A       52%         1
 Poisonous Vapours        Pois/Air       0%         N/A       65%         2
 Call Canine Familiar     Summ           0%         N/A       87%         3
 Summon Guardian Golem    Hex/Summ       0%         N/A       87%         3
 Olgreb's Toxic Radiance  Pois           0%         N/A       99%         4
 Fireball                 Conj/Fire      0%         3d3       100%        5
 Chain Lightning          Conj/Air       0%         N/A       100%        9


Dungeon Overview and Level Annotations

Branches:
Dungeon (4/15)
 Temple: D:4-7

Altars:

Annotations:
D:3 1 transporter, discopopstar's ghost, amateur DsFi


Innate Abilities, Weirdness & Mutations

((You are very nimble when in or above water. (Stealth+, EV+, Speed+++)))
Your lower body shifts to a powerful aquatic tail in water.


Message History

No target in view!
No target in view!
You hit something but do no damage.
You hear some strange, mumbled words.
Something tries to affect you, but you resist.
You hear some strange, mumbled words.
You are confused.
Something hits you but does no damage.
Things that are here:
a +0 whip; a +0 ring mail; an orc corpse You hear some strange, mumbled words.
A puff of flame appears from out of thin air!
The puff of flame hits you!
Okay, then.
You bump into the rock wall.
Something hits you. Something hits you but does no damage.
There is an open door here.
You're too confused to move!
You feel less confused.
You barely miss something. Something hits you.
You closely miss something. Something hits you but does no damage.
You hit something but do no damage. Something hits you.
You closely miss something. Something hits you.
* * * LOW HITPOINT WARNING * * *
A puff of flame appears from out of thin air!
The puff of flame hits you.
* * * LOW HITPOINT WARNING * * *
You hear some strange, mumbled words.
A puff of flame appears from out of thin air!
The puff of flame misses you.
You see here a +0 short sword.
You feel yourself speed up.
You hear some strange, mumbled words.
Something tries to affect you, but you resist.
Reach: a) +1 trident
Press: ? - help, Dir - move target You reach to attack!
You hit something.
A puff of flame appears from out of thin air!
The puff of flame hits you!
You die...

# ..... +. ... #..
#.# ###
###..###<##..#
#............#
#............##+#
#.................
.................
##..###@######+##
#####..###)##
.........#..#
.......{.'{.#
.........#..#
..###.)###.## #
#.. #+# .... .....


There were no monsters in sight!

Vanquished Creatures
  An adder (D:3)
  An adder zombie (D:2)
  3 worms (D:2)
  A dart slug (D:2)
  3 orcs (D:4)
  A bat skeleton (D:2)
  4 endoplasms
  4 giant cockroaches
  4 goblins
  6 hobgoblins
  2 jackals (D:1)
  6 kobolds
  6 quokkas
  2 ball pythons
  7 bats
  6 frilled lizards
  12 rats
69 creatures vanquished.

Vanquished Creatures (others)
  A withered plant (D:2)
1 creature vanquished.

Grand Total: 70 creatures vanquished

Notes
Turn   | Place    | Note
-------+----------+-------------------------------------------
     0 | D:1      | raph the Merfolk Gladiator began the quest for the Orb.
     0 | D:1      | Reached XP level 1. HP: 16/16 MP: 1/1
    96 | D:1      | Got Gueliym's Textbook on the Mighty Arsonist
   380 | D:1      | Reached XP level 2. HP: 22/22 MP: 2/2
   410 | D:1      | Reached skill level 5 in Polearms
   646 | D:1      | Reached XP level 3. HP: 27/27 MP: 3/3
  1178 | D:2      | Reached skill level 6 in Polearms
  1377 | D:2      | Reached XP level 4. HP: 31/33 MP: 4/4
  1803 | D:3      | Found a transporter.
  1805 | D:3      | Noticed an ogre
  1806 | D:3      | Noticed discopopstar's ghost (amateur DsFi)
  1806 | D:3      | Identified the +9 dire flail of the Hero {holy, Int+6 SInv}
  1806 | D:3      | Noticed an ogre
  2588 | D:4      | Killed from afar by an orc wizard

Illustrated notes

Levels and vault maps discovered:
D:1:      kilobyte_arrival_exit_the_forest, layout_loops_cross,
          minmay_hexomino_f4
D:2:      layout_loops_ring, serial_undead, serial_undead_f, serial_undead_e,
          serial_undead_a, serial_undead_d
D:3:      layout_loops_ring, gammafunk_ghost_smash, grunt_ministairs_11
D:4:      layout_gridville, nicolae_overflow_hallway_of_the_gods

Skill      XL: |  1  2  3 |
---------------+----------+-----
Polearms       | 5 6 |  6.8
Fighting       | |  2.4
Throwing       | |  2.0
Dodging        | |  4.1

Action                     |  1- 3 |  4- 6 || total
---------------------------+-------+-------++-------
  Melee: Trident           |   177 |    74 ||   251
         Punch             |     1 |     1 ||     2
  Throw: Dart              |       |     3 ||     3
    Use: Scroll            |     9 |     2 ||    11
         Potion            |       |     1 ||     1
   Stab: Sleeping          |     2 |     5 ||     7
         Distracted        |       |     1 ||     1
 Armour: Leather armour    |    34 |    24 ||    58
  Dodge: Dodged            |   101 |    34 ||   135
